 Dungeon Crawl Stone Soup version 0.21.1-1-g345015fe64 (webtiles) character file.

4928 Lentor the Carver (level 10, 0/86 HPs)
             Began as a Grey Draconian Berserker on June 8, 2018.
             Was an Elder of Trog.
             Succumbed to a killer bee's poison
             ... on level 7 of the Dungeon.
             The game lasted 00:26:37 (7946 turns).

Lentor the Carver (Grey Draconian Berserker)        Turns: 7946, Time: 00:26:37

Health: 0/86       AC: 14    Str: 22    XL:     10   Next: 27%
Magic:  10/10      EV: 17    Int:  7    God:    Trog [****..]
Gold:   390        SH:  9    Dex: 21    Spells: 9/9 levels left

rFire    . . .     SeeInvis .   z - +0 long sword
rCold    . . .     Gourm    .   s - +3 buckler
rNeg     . . .     Faith    +   (armour unavailable)
rPois    .         Spirit   .   (helmet restricted)
rElec    .         Reflect  .   i - scarf {cloud immunity}
rCorr    .         Harm     .   o - +0 pair of gloves
MR       .....                  g - +0 pair of boots
Stlth    +++.......             p - amulet of faith
HPRegen  0.24/turn              C - +5 ring of dexterity
MPRegen  0.12/turn              D - +4 ring of dexterity

@: lethally poisoned (0 -> -7), berserk cooldown, slowed, very slow
A: walk through water, unfitting armour, unbreathing, cold-blooded, AC +12
a: Berserk, Trog's Hand, Brothers in Arms, Burn Spellbooks, Renounce Religion


You were on level 7 of the Dungeon.
You worshipped Trog.
Trog was greatly pleased with you.
You were near starving.

You visited 2 branches of the dungeon, and saw 9 of its levels.

You collected 390 gold pieces.

Inventory:

Hand Weapons
 c - a +0 hunting sling
 z - a +0 long sword (weapon)
Missiles
 m - 86 sling bullets
Armour
 g - a +0 pair of boots (worn)
 i - a scarf of cloud immunity (worn)
 o - a +0 pair of gloves (worn)
 s - a +3 buckler (worn)
Jewellery
 a - an uncursed ring of ice
 p - an amulet of faith (around neck)
 r - an uncursed ring of fire
 C - a +5 ring of dexterity (left hand)
 D - a +4 ring of dexterity (right hand)
Wands
 A - a wand of random effects (20)
 B - a wand of acid (4)
Scrolls
 j - 9 scrolls of remove curse
 l - a scroll of immolation {unknown}
 x - 2 scrolls of identify
 y - 5 scrolls of fog
Potions
 f - 2 potions of resistance
 h - 2 potions of ambrosia
 n - 2 potions of flight {unknown}
 q - a potion of agility
 t - a potion of magic {unknown}
 u - 6 potions of curing
Comestibles
 b - 15 rations


   Skills:
 + Level 7.4 Fighting
 * Level 9.0 Long Blades
 - Level 5.0 Slings
 + Level 6.1 Dodging
 - Level 5.0 Stealth
 - Level 5.0 Shields


You had 9 spell levels left.
You didn't know any spells.

Dungeon Overview and Level Annotations

Branches:
Dungeon (8/15)             Temple (1/1) D:7
   Lair: D:8-11

Altars:
Ashenzari
Cheibriados
Dithmenos
Elyvilon
Fedhas
Gozag
Hepliaklqana
Kikubaaqudgha
Makhleb
Nemelex Xobeh
Okawaru
Qazlal
Ru
Sif Muna
Trog
Uskayaw
Vehumet
Wu Jian
Xom
Yredelemnul
Zin
The Shining One

Shops:
D:5 :   D:7 :


Innate Abilities, Weirdness & Mutations

You can walk through water.
Your dull iron-grey scales are very hard. (AC +12)
You cannot fit into any form of body armour.
You can survive without breathing.
You are cold-blooded and may be slowed by cold attacks.


Message History

You feel sick. The killer bee misses you. x2
You slash the killer bee!
You kill the killer bee!
Trog accepts your kill.
* * * LOW HITPOINT WARNING * * *
You feel sick.
You are too berserk!
* * * LOW HITPOINT WARNING * * *
You feel sick.
You feel a strong urge to attack something.
* * * LOW HITPOINT WARNING * * *
You feel sick.
* * * LOW HITPOINT WARNING * * *
You feel sick.
You feel your anger nearly subside.
You are no longer berserk.
You are exhausted.
You feel yourself slow down.
As you read the scroll of identify, it crumbles to dust.
u - 6 potions of curing You die...

######## #......# ######
#......# #..... #......#
#..... #......# #.....
#......#####.....
########†.........#.....
#...[.†@................
#.#####.†.........#.....
#.# #...........##+###
#.# #..........###.###
#.# #....###.....#....
#.# #....'.......+....
#.# ##...###.....#....
#.#######.####.....#....
#.........#........#.###


There were no monsters in sight!

Vanquished Creatures
  A two-headed ogre (D:8)
  Pikel (D:6)
  A troll (D:7)
  A queen bee (D:8)
  A phantom (D:5)
  A sky beast (D:5)
  2 ice beasts
  8 ogres
  A centaur (D:7)
  4 bullfrogs
  2 scorpions
  12 killer bees
  4 wights (D:6)
  4 howler monkeys
  2 bullfrog zombies (D:5)
  5 hounds
  2 orc priests
  A jelly (D:5)
  An iguana (D:6)
  4 orc wizards
  7 worker ants
  A howler monkey zombie (D:5)
  A worker ant zombie (D:5)
  Robin (D:3)
  5 gnolls
  10 adders
  3 shadow imps
  2 adder skeletons
  A worm (D:5)
  2 dart slugs
  7 leopard geckos
  17 orcs
  2 giant cockroaches
  9 goblins
  9 hobgoblins
  13 jackals
  12 kobolds
  5 quokkas
  2 ball pythons
  6 bats
  4 frilled lizards
  A quokka zombie (D:7)
  5 rats
  A butterfly (D:7)
184 creatures vanquished.

Vanquished Creatures (collateral kills)
  A yak (D:8)
  A big kobold (D:7)
  2 worker ants (D:7)
  2 gnolls (D:7)
  An orc (D:7)
  4 kobolds (D:7)
11 creatures vanquished.

Vanquished Creatures (others)
  An orc (D:6)
1 creature vanquished.

Grand Total: 196 creatures vanquished

Notes
Turn   | Place    | Note
-------+----------+-------------------------------------------
     0 | D:1      | Lentor the Draconian Berserker began the quest for the Orb.
     0 | D:1      | Reached XP level 1. HP: 19/19 MP: 1/1
   105 | D:1      | Reached XP level 2. HP: 23/26 MP: 2/2
   689 | D:2      | Found a shattered altar of Ashenzari.
   697 | D:2      | Reached XP level 3. HP: 33/33 MP: 3/3
   715 | D:2      | Found a faded altar of an unknown god.
   737 | D:2      | Reached ** piety under Trog
   795 | D:2      | Found a snail-covered altar of Cheibriados.
   796 | D:2      | Found a glowing silver altar of Zin.
   798 | D:2      | Found a shimmering altar of Xom.
   799 | D:2      | Found an opulent altar of Gozag.
   800 | D:2      | Found a sacrificial altar of Ru.
   800 | D:2      | Found a bloodstained altar of Trog.
   800 | D:2      | Found a sparkling altar of Nemelex Xobeh.
   801 | D:2      | Found a shadowy altar of Dithmenos.
   830 | D:2      | Reached skill level 1 in Stealth
  1476 | D:3      | Reached XP level 4. HP: 40/40 MP: 4/4
  1517 | D:3      | Reached skill level 4 in Long Blades
  2014 | D:3      | Reached XP level 5. HP: 44/46 MP: 5/5
  2316 | D:3      | Noticed Robin
  2325 | D:3      | Reached *** piety under Trog
  2331 | D:3      | Killed Robin
  2489 | D:4      | Noticed an ogre
  2496 | D:4      | Killed an ogre
  2496 | D:4      | Reached skill level 1 in Shields
  2502 | D:4      | Reached skill level 1 in Slings
  2502 | D:4      | Reached XP level 6. HP: 53/53 MP: 6/6
  3253 | D:4      | Reached skill level 5 in Long Blades
  3675 | D:5      | Entered Level 5 of the Dungeon
  3731 | D:5      | Your scales start taking on a dull iron-grey colour.
  3731 | D:5      | Reached XP level 7. HP: 52/60 MP: 7/7
  3731 | D:5      | Gained mutation: You can survive without breathing. [Grey Draconian growth]
  4067 | D:5      | Reached skill level 5 in Fighting
  4298 | D:5      | Reached **** piety under Trog
  4539 | D:5      | Found Peghobum's Book Shoppe.
  4589 | D:5      | Reached XP level 8. HP: 68/68 MP: 8/8
  4782 | D:5      | Reached skill level 6 in Long Blades
  5454 | D:6      | Received a gift from Trog
  5525 | D:6      | Reached skill level 7 in Long Blades
  5868 | D:6      | Found an ancient bone altar of Kikubaaqudgha.
  5876 | D:6      | Found a white marble altar of Elyvilon.
  5883 | D:6      | Noticed Pikel
  5902 | D:6      | Killed Pikel
  5902 | D:6      | Reached skill level 5 in Dodging
  5902 | D:6      | Reached XP level 9. HP: 52/75 MP: 9/9
  6237 | D:6      | Found a basalt altar of Yredelemnul.
  6738 | D:7      | Found a staircase to the Ecumenical Temple.
  6744 | Temple   | Entered the Ecumenical Temple
  6972 | D:7      | Received a gift from Trog
  7169 | D:7      | Found Jonu Xoul's Book Boutique.
  7231 | D:7      | Noticed a troll
  7239 | D:7      | Killed a troll
  7239 | D:7      | Reached skill level 8 in Long Blades
  7239 | D:7      | Reached skill level 5 in Stealth
  7567 | D:8      | Noticed a two-headed ogre
  7576 | D:8      | Killed a two-headed ogre
  7576 | D:8      | Reached XP level 10. HP: 86/86 MP: 10/10
  7589 | D:8      | Reached skill level 5 in Shields
  7882 | D:8      | Noticed a two-headed ogre
  7938 | D:7      | Reached skill level 9 in Long Blades
  7938 | D:7      | HP: 6/129 [poisoned by a killer bee]
  7939 | D:7      | Reached skill level 5 in Slings
  7943 | D:7      | HP: 3/129 [poisoned by a killer bee]
  7946 | D:7      | Succumbed to a killer bee's poison

Skill      XL: |  1  2  3  4  5  6  7  8  9 10 |
---------------+-------------------------------+-----
Dodging        | 3 4 5 6 |  6.1
Stealth        | 1 2 3 4 5 |  5.0
Fighting       | 4 5 6 7 |  7.4
Long Blades    | 4 5 7 8 9 |  9.0
Shields        | 1 2 4 5 |  5.0
Slings         | 1 2 3 4 5 |  5.0

Action                   |  1- 3 |  4- 6 |  7- 9 | 10-12 || total
-------------------------+-------+-------+-------+-------++-------
Melee: Falchion          |    84 |   122 |       |       ||   206
       Tailslap          |    13 |    20 |    71 |    19 ||   123
       Long sword        |       |    46 |   309 |    66 ||   421
 Fire: Hunting sling     |       |     6 |       |       ||     6
Invok: Berserk           |     1 |     5 |    14 |     2 ||    22
       Trog's Hand       |       |       |     1 |       ||     1
       Brothers in Arms  |       |       |     1 |     1 ||     2
  Use: Scroll            |       |     6 |     7 |     3 ||    16
       Potion            |       |       |       |     2 ||     2
 Stab: Sleeping          |     2 |     4 |     2 |       ||     8
       Distracted        |       |       |     1 |       ||     1
  Eat: Chunk             |     1 |    10 |    19 |       ||    30
       Ration            |       |     1 |     2 |     1 ||     4
Armor: Skin              |    26 |    51 |   125 |    60 ||   262
Dodge: Dodged            |    52 |   106 |   184 |   181 ||   523
Block: Buckler           |       |    39 |   115 |    94 ||   248
       Rpst.: Falchion   |    18 |    23 |       |       ||    41
       Long sword        |       |    12 |    60 |    68 ||   140
